 Dungeon Crawl Stone Soup version 0.19.0 (webtiles) character file.

114687 TheGoonsmith the Bludgeoner (level 16, 0/126 HPs)
             Began as a Demonspawn Gladiator on Nov 14, 2016.
             Was a High Priest of Qazlal.
             Incinerated by a smoke demon (1 damage)
             ... with a sticky flame
             ... on level 3 of the Abyss.
             The game lasted 01:43:24 (32361 turns).

TheGoonsmith the Bludgeoner (Demonspawn Gladiator) Turns: 32361, Time: 01:43:25

Health: 0/126      AC: 33    Str: 22      XL:     16   Next: 16%
Magic:  0/27       EV: 13    Int: 10 (12) God:    Qazlal [*****.]
Gold:   138        SH: 11    Dex: 17      Spells: 1 memorised, 13 levels left

rFire  . . .     SeeInvis .     j - +7 battleaxe (drain)
rCold  + . .     Gourm    .     n - +6 chain mail of Least Resistance {rCorr Str+2 Dex+3}
rNeg   . . .     Faith    .     (shield currently unavailable)
rPois  .         Spirit   +     (helmet restricted)
rElec  .         Reflect  +     h - +2 cloak
rCorr  +         Harm     .     (no gloves)
MR     +++..                    H - +2 pair of boots
Stlth  ..........               w - +4 amulet of reflection
                                B - ring of protection from cold
                                p - ring of protection from magic

@: liquid flames, protected from physical damage, very slightly contaminated,
hasted, glowing, repel missiles, very quick
A: horns 2, iridescent scales 3, foul stench 2, magic resistance 1, magic
shield, magic regeneration, rot immunity
a: Upheaval, Elemental Force, Disaster Area, Renounce Religion


You were on level 3 of the Abyss.
You worshipped Qazlal.
Qazlal was extremely pleased with you.
You were not hungry.

You visited 3 branches of the dungeon, and saw 23 of its levels.
You visited the Abyss 1 time.

You collected 1973 gold pieces.
You spent 1835 gold pieces at shops.

Inventory:

Hand Weapons
 c - the +1 dire flail of Articulation {freeze, Int+4}
   (You acquired it on level 3 of the Lair of Beasts)

   It has been specially enchanted to freeze those struck by it, causing extra
   injury to most foes and up to half again as much damage against particularly
   susceptible opponents.
   It can also slow down cold-blooded creatures.
   It affects your intelligence (+4).
 j - a +7 battleaxe of draining (weapon)
Missiles
 d - 4 throwing nets (quivered)
Armour
 b - the +8 chain mail "Kive Piu" {rN+ Int+6}
   (You found it on level 5 of the Lair of Beasts)

   It affects your intelligence (+6).
   It protects you from negative energy.
 h - a +2 cloak (worn)
 n - the +6 chain mail of Least Resistance (worn) {rCorr Str+2 Dex+3}
   (You found it on level 6 of the Lair of Beasts)

   It affects your strength (+2).
   It affects your dexterity (+3).
   It protects you from acid and corrosion.
 H - a +2 pair of boots (worn)
Jewellery
 p - a ring of protection from magic (left hand)
 w - a +4 amulet of reflection (around neck)
 B - a ring of protection from cold (right hand)
 V - an uncursed amulet of rage
Wands
 a - a wand of lightning (10/15)
 e - a wand of flame (12/48)
 l - a wand of teleportation (2/9)
 D - a wand of digging (5/24)
 K - a wand of enslavement (24/24)
Scrolls
 k - 12 scrolls of remove curse
 r - 6 scrolls of identify
 s - 8 scrolls of teleportation
 t - a scroll of silence
 y - 5 scrolls of fear
 R - 3 scrolls of recharging
 S - 2 scrolls of blinking
 T - 4 scrolls of magic mapping
Potions
 i - a potion of brilliance
 u - 4 potions of flight
 v - 2 potions of cancellation
 x - 2 potions of magic
 z - 2 potions of berserk rage
 G - 5 potions of agility
 Q - a potion of haste
 W - a potion of cure mutation
 X - 4 potions of might
Miscellaneous
 Y - a sack of spiders
Comestibles
 g - 12 meat rations
 o - a royal jelly
 E - 2 bread rations
 O - 10 slices of pizza


   Skills:
 - Level 11.5 Fighting
 * Level 11.2(14.8) Axes
 - Level 16.0(17.1) Maces & Flails
 - Level 1.7 Throwing
 - Level 8.8 Armour
 - Level 7.7 Dodging
 - Level 14.8 Invocations


You had 13 spell levels left.
You knew the following spells:

 Your Spells              Type           Power        Failure   Level  Hunger
a - Blink                 Tloc           N/A          100%        2    ###....


Dungeon Overview and Level Annotations

Branches:
Dungeon (15/15)            Temple (0/1) D:7            Lair (6/6) D:10
  Swamp (0/4) Lair:4        Snake (0/4) Lair:4        Slime (0/5) Lair:6
    Orc (2/2) D:11            Elf (0/3) Orc:2        Vaults (0/5) D:14
 Depths: D:15

Altars:
Ashenzari
Cheibriados
Dithmenos
Elyvilon
Fedhas
Gozag
Kikubaaqudgha
Nemelex Xobeh
Okawaru
Qazlal
Sif Muna
Yredelemnul
Jiyva

Shops:
D:10 %   D:13 }   D:14 [?:   Orc:2 ***??

Portals:
Trove: D:10 (give +3 storm dragon scales)

Annotations:
D:3 exclusion: bat
D:15 Louise; PurpleRed's ghost, adept OgHu
Lair:6 exclusion: oklob plant


Innate Abilities, Weirdness & Mutations

You have a pair of horns on your head.
You are completely covered in iridescent scales. (AC +6)
You frequently emit foul miasma when damaged in melee.
When hurt, damage is shared between your health and your magic reserves.
You regenerate magic rapidly.
You are immune to rotting.
You are resistant to hostile enchantments. (MR+)


Message History

A deafening chorus of shrieks assaults your mind!
* * * LOW HITPOINT WARNING * * *
The vampire mage is infused with unholy energy.
* * * LOW HITPOINT WARNING * * *
The vampire mage draws life force from you and is healed!
A guardian serpent and an iron imp come into view.
You feel better.
You are covered in liquid flames!
* * * LOW HITPOINT WARNING * * *
The small abomination hits you!
* * * LOW HITPOINT WARNING * * *
Your resistance to fire fades away.
You feel protected from physical attacks.
The guardian serpent moves out of view.
The smoke demon barely misses you.
The smoke demon hits you but does no damage. x2
Blink to where?
Press: ? - help, Dir - move target cursor
As you read the scroll of blinking, it crumbles to dust.
You are covered in liquid flames!
You die...

. #x§ #..##XX##..#
..##..##..##XX##..# .
.......§.XX.... ... ..
....x...XX..XXX..─ #.
#..##.§##..##X.##
##..##..##x§##X.## .##
........V§R§..X.3.X..X
........3.§§§.........
..##.@##..##5.##. #
#....#.### §.###.#.
#.#...#. #§## ####
##.##..# . ... .## ..#
. ... . .# .[


You could see 6 starcursed masses, a tentacled starspawn, a vampire mage, a
worldbinder, a smoke demon, an efreet and a small abomination.

Vanquished Creatures
  2 tentacled starspawn (Abyss:3)
  Agnes (D:15)
  An orc warlord (Orc:2)
  2 entropy weavers
  Azrael (D:14)
  The ghost of BigBall the Geomancer, a journeyman GrEE of Ashenzari (Orc:2)
  Josephine (D:11)
  Harold (D:11)
  8 vault guards (D:14)
  7 hydras
  A death knight (D:13)
  Erica (D:8)
  3 death yaks (Lair:6)
  2 ogre magi (Orc:2)
  A queen ant (Lair:6)
  2 centaur warriors
  Sonja (D:11)
  2 wretched stars (Abyss:3)
  An unseen horror (D:13)
  3 large abominations (Abyss:3)
  4 skeletal warriors (D:14)
  A spatial maelstrom (Abyss:3)
  2 deep trolls (Orc:1)
  3 orc knights (Orc:2)
  6 hill giants
  A lindwurm (Lair:6)
  Pikel (D:9)
  6 ugly things
  An orc sorcerer (Orc:1)
  3 cyclopes
  An elephant (D:11)
  Maurice (Orc:1)
  9 black mambas
  A torpor snail (Lair:6)
  13 spiny frogs
  A kobold demonologist (D:10)
  2 rime drakes
  13 komodo dragons
  A freezing wraith (Abyss:3)
  A tormentor (Abyss:3)
  2 tengu conjurers (D:13)
  A demonic crawler (Abyss:3)
  12 polar bears
  An ancient zyme (Abyss:3)
  11 trolls
  21 blink frogs
  A hornet (D:12)
  6 two-headed ogres
  8 raiju
  2 tyrant leeches (Lair:6)
  Prince Ribbit (D:7)
  10 hippogriffs
  6 slime creatures
  2 dream sheep (D:8)
  7 wraiths
  A ynoxinul (Abyss:3)
  2 fire elementals (D:14)
  63 yaks
  A neqoxec (Abyss:3)
  6 wyverns
  3 fire bats (Lair:2)
  3 basilisks
  Grum (D:9)
  3 hungry ghosts
  2 mottled dragons
  3 vampire mosquitoes
  3 nagas (Lair:4)
  8 wargs
  A swamp worm (Lair:6)
  3 insubstantial wisps (Lair:2)
  22 soldier ants
  8 hell hounds
  22 water moccasins
  A swamp drake (Lair:2)
  13 porcupines
  4 sky beasts
  21 orc warriors
  A slave (D:9)
  2 phantoms
  2 eyes of draining (D:12)
  11 ice beasts
  A necrophage (D:10)
  14 black bears
  31 ogres
  11 centaurs
  33 wolves
  The ghost of Jraekied the Grave Robber, an amateur DsNe of Dithmenos (D:3)
  9 crocodiles
  5 small abominations (Abyss:3)
  3 big kobolds (D:8)
  Blork the orc (D:4)
  22 bullfrogs
  A gnoll sergeant (D:11)
  4 scorpions
  9 wights
  22 killer bees
  A howler monkey (D:7)
  An electric eel (D:11)
  2 centaur zombies
  A bullfrog zombie (D:11)
  4 crimson imps
  A quasit (D:13)
  18 hounds
  3 jellies
  17 orc priests
  2 bullfrog skeletons
  A gnoll shaman (D:5)
  Crazy Yiuf (D:2)
  4 centaur skeletons
  6 iguanas
  19 orc wizards
  28 worker ants
  6 hell rats (Lair:5)
  2 hound skeletons
  A howler monkey zombie (D:7)
  11 gnolls
  17 adders
  A shadow imp (D:10)
  2 oozes (D:2)
  2 adder zombies
  A dart slug (D:4)
  6 worms
  7 leopard geckos
  82 orcs
  8 giant cockroaches
  10 goblins
  10 hobgoblins
  8 jackals
  4 quokkas
  2 ball pythons
  11 bats
  7 frilled lizards
  11 kobolds
  A leopard gecko zombie (D:8)
  2 quokka skeletons
  8 rats
  24 fungi
  2 lurking horrors (Abyss:3)
  9 plants
  4 starspawn tentacles (Abyss:3)
949 creatures vanquished.

Vanquished Creatures (collateral kills)
  2 death yaks (Lair:6)
  Urug (Lair:2)
  A komodo dragon (Lair:6)
  2 soldier ants (Lair:6)
  A water moccasin (Lair:6)
  A wolf (Lair:6)
  A crocodile (Lair:6)
  A worker ant (Lair:6)
10 creatures vanquished.

Vanquished Creatures (others)
  A satyr (Abyss:3)
  A centaur (D:13)
  A white imp (Abyss:3)
  An orc (D:14)
  11 fungi
  23 plants
  23 starspawn tentacles (Abyss:3)
61 creatures vanquished.

Grand Total: 1020 creatures vanquished

Notes
Turn   | Place    | Note
-------+----------+-------------------------------------------
     0 | D:1      | TheGoonsmith the Demonspawn Gladiator began the quest for the Orb.
     0 | D:1      | Reached XP level 1. HP: 16/16 MP: 1/1
   356 | D:1      | Reached skill level 3 in Maces & Flails
   381 | D:1      | Gained mutation: You are immune to rotting. [demonic ancestry]
   381 | D:1      | Reached XP level 2. HP: 23/23 MP: 2/2
   954 | D:2      | Reached XP level 3. HP: 20/28 MP: 3/3
  1482 | D:2      | Found a shadowy altar of Dithmenos.
  1844 | D:2      | Gained mutation: You are partially covered in iridescent scales. (AC +2) [demonic ancestry]
  1844 | D:2      | Reached XP level 4. HP: 28/35 MP: 4/4
  1932 | D:2      | Found a runed door.
  1988 | D:2      | Reached skill level 4 in Maces & Flails
  2509 | D:2      | Noticed Crazy Yiuf
  2523 | D:2      | Killed Crazy Yiuf
  2758 | D:3      | Gained mutation: You may emit foul miasma when damaged in melee. [demonic ancestry]
  2758 | D:3      | Reached XP level 5. HP: 35/41 MP: 5/5
  2806 | D:3      | Noticed Jraekied's ghost (amateur DsNe)
  3430 | D:2      | Reached skill level 5 in Maces & Flails
  3641 | D:3      | Killed Jraekied's ghost
  3641 | D:3      | Reached XP level 6. HP: 17/48 MP: 6/6
  4601 | D:3      | Found a shattered altar of Ashenzari.
  4904 | D:3      | Found a deep blue altar of Sif Muna.
  4981 | D:3      | Noticed a moth of wrath
  5025 | D:4      | Found a white marble altar of Elyvilon.
  5031 | D:4      | Reached skill level 6 in Maces & Flails
  5068 | D:4      | Found a stormy altar of Qazlal.
  5076 | D:4      | Became a worshipper of Qazlal Stormbringer
  5140 | D:4      | Gained mutation: You have a pair of small horns on your head. [demonic ancestry]
  5140 | D:4      | Reached XP level 7. HP: 55/55 MP: 7/7
  5219 | D:4      | Noticed Blork the orc
  5235 | D:4      | Killed Blork the orc
  5362 | D:4      | Reached skill level 5 in Fighting
  5750 | D:4      | Reached skill level 7 in Maces & Flails
  6063 | D:5      | Entered Level 5 of the Dungeon
  6129 | D:5      | Gained mutation: You are mostly covered in iridescent scales. (AC +4) [demonic ancestry]
  6129 | D:5      | Reached XP level 8. HP: 52/64 MP: 8/8
  6323 | D:5      | Reached * piety under Qazlal
  6332 | D:5      | Reached skill level 8 in Maces & Flails
  6892 | D:5      | Found an opulent altar of Gozag.
  7393 | D:5      | Found an ancient bone altar of Kikubaaqudgha.
  7793 | D:6      | Got a crude ring mail
  7804 | D:6      | Got a faintly humming leather armour
  7806 | D:6      | Identified the cursed +1 ring mail of Greater Demons {Dex+4 Slay+2 SInv} (You found it on level 6 of the Dungeon)
  7807 | D:6      | Identified the cursed +0 leather armour of Omitof {MR+++ Regen+ Dex-3 SInv} (You found it on level 6 of the Dungeon)
  8037 | D:7      | Noticed Prince Ribbit
  8040 | D:7      | Killed Prince Ribbit
  8040 | D:7      | Reached skill level 9 in Maces & Flails
  8192 | D:7      | Gained mutation: You are completely covered in iridescent scales. (AC +6) [demonic ancestry]
  8192 | D:7      | Reached XP level 9. HP: 67/69 MP: 9/9
  8196 | D:7      | Learned a level 2 spell: Blink
  8353 | D:7      | Found a staircase to the Ecumenical Temple.
  8459 | D:7      | Reached skill level 1 in Invocations
  9020 | D:8      | Reached skill level 10 in Maces & Flails
  9082 | D:8      | Noticed Erica
  9094 | D:8      | Killed Erica
  9168 | D:8      | Reached ** piety under Qazlal
  9216 | D:8      | Reached skill level 5 in Invocations
  9476 | D:8      | Reached skill level 11 in Maces & Flails
  9556 | D:8      | Gained mutation: When hurt, damage is shared between your health and your magic reserves. [demonic ancestry]
  9556 | D:8      | Reached XP level 10. HP: 75/76 MP: 12/14
 10105 | D:8      | Noticed a three-headed hydra
 10113 | D:8      | Killed a three-headed hydra
 10290 | D:9      | Reached skill level 12 in Maces & Flails
 10357 | D:9      | You fall through a shaft for 2 floors!
 10357 | D:11     | Noticed Sonja
 10359 | D:11     | Killed Sonja
 10399 | D:11     | Noticed a hill giant
 10579 | D:11     | Killed a hill giant
 10972 | D:10     | Entered Level 10 of the Dungeon
 11293 | D:9      | Found a blossoming altar of Fedhas.
 11296 | D:9      | Found an iron altar of Okawaru.
 11299 | D:9      | Found a sparkling altar of Nemelex Xobeh.
 11302 | D:9      | Found a snail-covered altar of Cheibriados.
 11374 | D:9      | Noticed Grum
 11378 | D:9      | Gained mutation: You frequently emit foul miasma when damaged in melee. [demonic ancestry]
 11378 | D:9      | Reached XP level 11. HP: 81/81 MP: 12/17
 11382 | D:9      | Killed Grum
 11636 | D:9      | Noticed Pikel
 11653 | D:9      | Killed Pikel
 11790 | D:10     | Found a portal to a secret trove of treasure.
 11803 | D:10     | Reached skill level 13 in Maces & Flails
 11877 | D:10     | Found Ahawn's Food Emporium.
 11941 | D:10     | Reached skill level 1 in Armour
 11942 | D:10     | Found a staircase to the Lair.
 12731 | D:11     | Noticed Josephine
 13017 | Lair:1   | Entered Level 1 of the Lair of Beasts
 13756 | Lair:1   | Reached skill level 14 in Maces & Flails
 14503 | Lair:2   | Noticed Urug
 14508 | Lair:1   | Reached *** piety under Qazlal
 14763 | Lair:2   | Reached XP level 12. HP: 88/88 MP: 16/18
 14872 | Lair:2   | Reached skill level 5 in Armour
 14924 | Lair:2   | Killed Urug
 15830 | Lair:2   | Reached skill level 15 in Maces & Flails
 17263 | Lair:3   | Noticed a seven-headed hydra
 17267 | Lair:3   | Killed a seven-headed hydra
 17424 | Lair:3   | Noticed a four-headed hydra
 17428 | Lair:3   | Killed a four-headed hydra
 17531 | Lair:3   | Reached skill level 16 in Maces & Flails
 17989 | Lair:3   | Reached skill level 5 in Dodging
 18440 | Lair:3   | Identified a scroll of acquirement
 18441 | Lair:3   | Got an iridescent dire flail
 18442 | Lair:3   | Identified the +1 dire flail of Articulation {freeze, Int+4} (You acquired it on level 3 of the Lair of Beasts)
 18729 | Lair:4   | Found a staircase to the Snake Pit.
 18779 | Lair:4   | Reached **** piety under Qazlal
 18826 | Lair:4   | Gained mutation: You have a pair of horns on your head. [demonic ancestry]
 18826 | Lair:4   | Reached XP level 13. HP: 67/93 MP: 18/20
 19195 | Lair:1   | Reached skill level 10 in Invocations
 19624 | Lair:4   | Found a staircase to the Swamp.
 20757 | Lair:5   | Reached ***** piety under Qazlal
 21466 | Lair:6   | Entered Level 6 of the Lair of Beasts
 22343 | Lair:6   | Gained mutation: You regenerate magic rapidly. [demonic ancestry]
 22343 | Lair:6   | Reached XP level 14. HP: 96/109 MP: 16/23
 22376 | Lair:6   | Reached skill level 10 in Fighting
 22886 | Lair:6   | Noticed an entropy weaver
 22894 | Lair:6   | Killed an entropy weaver
 22895 | Lair:6   | Noticed an entropy weaver
 23116 | Lair:5   | Killed an entropy weaver
 23445 | Lair:6   | Found a viscous altar of Jiyva.
 23446 | Lair:6   | Found a staircase to the Slime Pits.
 24110 | Lair:6   | Got a pitted chain mail
 24111 | Lair:6   | Identified the +6 chain mail of Least Resistance {rCorr Str+2 Dex+3} (You found it on level 6 of the Lair of Beasts)
 24894 | D:11     | Killed Josephine
 24945 | D:11     | Found a staircase to the Orcish Mines.
 25149 | D:11     | Noticed Harold
 25165 | D:11     | Killed Harold
 25417 | D:12     | Found a frozen archway.
 25819 | Orc:1    | Entered Level 1 of the Orcish Mines
 25946 | Orc:2    | Entered Level 2 of the Orcish Mines
 25946 | Orc:2    | Found Imninoil's Assorted Antiques.
 25946 | Orc:2    | Found a staircase to the Elven Halls.
 26190 | Orc:2    | Noticed BigBall's ghost (journeyman GrEE)
 26209 | Orc:1    | Reached XP level 15. HP: 23/119 MP: 7/26
 26575 | Orc:1    | Reached skill level 1 in Axes
 26993 | Orc:2    | Found Beaq's Assorted Antiques.
 27006 | Orc:2    | Killed BigBall's ghost
 27009 | Orc:2    | Found Til Dixococ's Magic Scroll Emporium.
 27456 | Orc:2    | Bought a sapphire potion for 26 gold pieces
 27467 | Orc:2    | Found Munuwoff's Magic Scroll Boutique.
 27549 | Orc:2    | Found Lausiunn's General Store.
 27727 | Orc:1    | Noticed Maurice
 27739 | Orc:1    | Killed Maurice
 27886 | Orc:1    | Noticed an orc warlord
 28240 | Orc:2    | Killed an orc warlord
 28824 | Orc:2    | Bought a scroll of identify for 54 gold pieces
 28824 | Orc:2    | Bought a potion of agility for 108 gold pieces
 28824 | Orc:2    | Bought a sapphire potion for 24 gold pieces
 28824 | Orc:2    | Bought a scroll of identify for 54 gold pieces
 28824 | Orc:2    | Bought a potion of berserk rage for 135 gold pieces
 28865 | Orc:2    | Bought a scroll of magic mapping for 42 gold pieces
 28865 | Orc:2    | Bought a scroll of enchant weapon for 90 gold pieces
 28870 | Orc:2    | Bought a scroll of enchant weapon for 90 gold pieces
 28870 | Orc:2    | Bought a scroll of enchant armour for 90 gold pieces
 28870 | Orc:2    | Bought a scroll of enchant weapon for 90 gold pieces
 28870 | Orc:2    | Bought a scroll of identify for 24 gold pieces
 28870 | Orc:2    | Bought 2 scrolls of identify for 48 gold pieces
 28870 | Orc:2    | Bought a scroll of identify for 24 gold pieces
 28870 | Orc:2    | Bought a scroll of silence for 90 gold pieces
 28880 | Orc:2    | Bought a potion of agility for 116 gold pieces
 28880 | Orc:2    | Bought a scroll of fear for 101 gold pieces
 28880 | Orc:2    | Bought a scroll of teleportation for 87 gold pieces
 28880 | Orc:2    | Bought a scroll of identify for 58 gold pieces
 28907 | Orc:2    | Bought 2 potions of agility for 136 gold pieces
 28907 | Orc:2    | Bought a scroll of enchant armour for 127 gold pieces
 28907 | Orc:2    | Bought a scroll of identify for 34 gold pieces
 29119 | Lair:5   | Got a faintly glowing chain mail
 29120 | Lair:5   | Identified the +8 chain mail "Kive Piu" {rN+ Int+6} (You found it on level 5 of the Lair of Beasts)
 29608 | D:12     | Reached skill level 5 in Axes
 30424 | D:13     | Found Wikunog's Gadget Shop.
 30755 | D:14     | Found a gate to the Vaults.
 30770 | D:14     | Found Vaotidawau's Magic Scroll Shoppe.
 30772 | D:14     | Found a basalt altar of Yredelemnul.
 30778 | D:14     | Bought a scroll of enchant weapon for 112 gold pieces
 30778 | D:14     | Bought a scroll of teleportation for 45 gold pieces
 30778 | D:14     | Bought a scroll of identify for 30 gold pieces
 30782 | D:14     | Noticed Azrael
 30796 | D:14     | Killed Azrael
 31506 | D:14     | Found Adgharghou's Armour Shoppe.
 31632 | D:14     | Found Loill's Book Shop.
 31689 | D:15     | Entered Level 15 of the Dungeon
 31689 | D:15     | Noticed Agnes
 31689 | D:15     | Noticed PurpleRed's ghost (adept OgHu)
 31696 | D:15     | Killed Agnes
 31696 | D:15     | Reached skill level 10 in Axes
 31992 | D:15     | Noticed Louise
 31995 | D:15     | Cast into level 3 of the Abyss (Louise)
 32019 | Abyss:3  | Gained mutation: You are resistant to hostile enchantments. (MR+) [a neqoxec]
 32036 | Abyss:3  | Found a snail-covered altar of Cheibriados.
 32057 | Abyss:3  | Reached XP level 16. HP: 92/126 MP: 18/21
 32078 | Abyss:3  | Noticed a tentacled starspawn
 32104 | Abyss:3  | Killed a tentacled starspawn
 32134 | Abyss:3  | Noticed a hellephant
 32141 | Abyss:3  | Noticed a bone dragon
 32152 | Abyss:3  | Noticed a tentacled starspawn
 32156 | Abyss:3  | Found a corrupted altar of Lugonu.
 32162 | Abyss:3  | Noticed a tentacled starspawn
 32164 | Abyss:3  | Noticed a tentacled starspawn
 32168 | Abyss:3  | Killed a tentacled starspawn
 32172 | Abyss:3  | Noticed a thorn hunter
 32196 | Abyss:3  | Noticed a tentacled starspawn
 32204 | Abyss:3  | Found a corrupted altar of Lugonu.
 32219 | Abyss:3  | HP: 6/126 [thrashing horror (7)]
 32222 | Abyss:3  | Found a corrupted altar of Lugonu.
 32316 | Abyss:3  | Noticed a tentacled starspawn
 32327 | Abyss:3  | Noticed a tentacled starspawn
 32359 | Abyss:3  | HP: 3/126 [vampire mage/vampiric draining (5)]
 32360 | Abyss:3  | HP: 1/126 [small abomination (9)]
 32361 | Abyss:3  | Incinerated by a smoke demon

Skill      XL: |  1  2  3  4  5  6  7  8  9 10 11 12 13 14 15 16 |
---------------+-------------------------------------------------+-----
Maces & Flails | 3 4 5 6 7 9 11 12 14 16 | 16.0
Fighting       | 3 4 5 6 9 11 | 11.5
Dodging        | 4 5 6 7 |  7.7
Invocations    | 5 8 9 13 14 | 14.8
Armour         | 4 6 8 |  8.8
Axes           | 10 11 | 11.2
Throwing       | |  1.7

Action                   |  1- 3 |  4- 6 |  7- 9 | 10-12 | 13-15 | 16-18 || total
-------------------------+-------+-------+-------+-------+-------+-------++-------
Melee: Flail             |   169 |   298 |       |       |       |       ||   467
       Morningstar       |       |       |   313 |   727 |       |       ||  1040
       Headbutt          |       |       |    61 |   192 |   408 |    29 ||   690
       Dire flail        |       |       |       |    56 |  1137 |       ||  1193
       Battleaxe         |       |       |       |       |   397 |    82 ||   479
       Great mace        |       |       |       |       |    16 |       ||    16
Throw: Tomahawk          |       |     3 |     4 |       |       |       ||     7
       Throwing net      |       |     1 |     2 |     1 |       |       ||     4
Invok: Upheaval          |       |       |       |     9 |    15 |       ||    24
       Elemental Force   |       |       |       |     1 |     5 |       ||     6
       Disaster Area     |       |       |       |       |     3 |       ||     3
Evoke: Wand              |       |       |     1 |     3 |       |     1 ||     5
  Use: Scroll            |       |     6 |     7 |    16 |    22 |     2 ||    53
       Potion            |       |     5 |       |     2 |     6 |     6 ||    19
 Stab: Invisible         |       |     1 |       |       |    11 |       ||    12
       Held in net/web   |       |       |     1 |       |       |       ||     1
       Confused          |       |       |       |       |     1 |       ||     1
  Eat: Chunk             |     3 |    20 |    13 |    26 |    24 |     2 ||    88
       Bread ration      |       |       |       |     1 |     1 |       ||     2
       Beef jerky        |       |       |       |       |     2 |       ||     2
       Meat ration       |       |       |       |       |     2 |       ||     2
       Fruit             |       |       |       |       |     2 |       ||     2
Armor: Leather armour    |     5 |       |       |       |       |       ||     5
       Mottled dragon sc |    71 |   154 |    63 |       |       |       ||   288
       Ring mail         |       |       |    71 |   266 |   175 |       ||   512
       Chain mail        |       |       |       |       |   376 |    71 ||   447
Dodge: Dodged            |   140 |   221 |   215 |   418 |   724 |    54 ||  1772
       Deflected         |       |       |       |       |    19 |     4 ||    23
Block: Other             |       |       |    10 |   111 |   520 |    73 ||   714
       Reflection        |       |       |       |       |    21 |     3 ||    24
